 Dungeon Crawl Stone Soup version 0.21.1-1-g345015f (webtiles) character file.

29 Iko the Sneak (level 3, -2/19 HPs)
             Began as a Kobold Enchanter on June 15, 2018.
             Slain by a quokka (3 damage)
             ... on level 3 of the Dungeon on June 16, 2018.
             The game lasted 00:06:57 (704 turns).

Iko the Sneak (Kobold Enchanter)                     Turns: 704, Time: 00:06:58

Health: -2/19      AC:  5    Str:  6    XL:     3   Next: 32%
Magic:  6/6        EV: 12    Int: 16    God:
Gold:   41         SH:  0    Dex: 15    Spells: 5/6 levels left

rFire    . . .     SeeInvis .   b - +1 hand axe (flame)
rCold    . . .     Gourm    .   (shield restricted)
rNeg     . . .     Faith    .   a - +0 ring mail
rPois    .         Spirit   .   (no helmet)
rElec    .         Reflect  .   (no cloak)
rCorr    .         Harm     .   (no gloves)
MR       .....                  (no boots)
Stlth    ++........             (no amulet)
HPRegen  0.06/turn              (no ring)
MPRegen  0.10/turn              (no ring)

@: no status effects
A: small, carnivore
a: no special abilities


You were on level 3 of the Dungeon.
You were not hungry.

You visited 1 branch of the dungeon, and saw 3 of its levels.

You collected 41 gold pieces.

Inventory:

Hand Weapons
 b - a +1 hand axe of flaming (weapon)
Armour
 a - a +0 ring mail (worn)
Books
 c - a book of Maledictions

   Spells                             Type                      Level
   a - Corona                         Hexes                        1
   b - Ensorcelled Hibernation        Hexes/Ice                    2
   c - Confuse                        Hexes                        3
   d - Tukima's Dance                 Hexes                        3
   e - Dazzling Spray                 Conjuration/Hexes            3
Comestibles
 d - a ration


   Skills:
 + Level 0.2 Fighting
   Level 1.3 Short Blades
 + Level 0.9 Axes
 + Level 0.4 Armour
 + Level 2.5 Dodging
 + Level 4.3 Stealth
 + Level 2.3 Spellcasting
 + Level 3.3 Hexes


You had 5 spell levels left.
You knew the following spells:

 Your Spells              Type           Power        Failure   Level  Hunger
a - Corona                Hex            ##.....      19%         1    #......


Dungeon Overview and Level Annotations

Branches:
Dungeon (3/15)

Altars:
Okawaru


Innate Abilities, Weirdness & Mutations

You are small and have problems with some larger weapons.
You are carnivorous and can eat meat at any time.


Message History

The jackal completely misses you. x2
You hit the jackal. You burn the jackal.
You kill the jackal!
The quokka completely misses you.
You feel a little less agile now.
The quokka twitches its whiskers.
The quokka bites you but does no damage.
Your ring mail prevents you from hitting the goblin.
You hit the quokka. You burn the quokka.
The goblin hits you but does no damage.
The quokka bites you but does no damage.
The goblin hits you.
* * * LOW HITPOINT WARNING * * *
You hit the goblin. You burn the goblin.
You kill the goblin!
You closely miss the quokka. The quokka bites you.
* * * LOW HITPOINT WARNING * * *
The quokka closely misses you. The quokka bites you.
You die...

.##.###†## #.###..#
###......#
.........#
###......# #......#
# #.# #......##.##.
+.# ##...........
#.# #.##@r#####.
#.# #.##..# #.#
#.##..# #.# #.##..#
####.########.##..#
................).#
####.##...........#
#.######...........
#.# ######..####


You could see a quokka.

Vanquished Creatures
  An adder (D:2)
  A giant cockroach (D:1)
  4 goblins
  4 hobgoblins (D:1)
  A jackal (D:3)
  A kobold (D:1)
  A bat (D:1)
  A frilled lizard (D:1)
  5 rats
19 creatures vanquished.

Notes
Turn   | Place    | Note
-------+----------+-------------------------------------------
     0 | D:1      | Iko the Kobold Enchanter began the quest for the Orb.
     0 | D:1      | Reached XP level 1. HP: 10/10 MP: 3/3
     2 | D:1      | Noticed a demonspawn
     2 | D:1      | Noticed a vine stalker
     4 | D:1      | Noticed a dwarf
     6 | D:1      | Noticed a minotaur
     6 | D:1      | Noticed a spriggan
     8 | D:1      | Noticed a merfolk
     8 | D:1      | Noticed an ogre
    10 | D:1      | Noticed a demigod
    10 | D:1      | Noticed a halfling
    12 | D:1      | Noticed a troll
    12 | D:1      | Noticed an elf
    14 | D:1      | Noticed a vampire
    14 | D:1      | Noticed a felid
    16 | D:1      | Noticed a human
    18 | D:1      | Noticed a naga
    18 | D:1      | Noticed a centaur
    20 | D:1      | Noticed a draconian
    22 | D:1      | Noticed a gargoyle
    22 | D:1      | Noticed a tengu
    24 | D:1      | Noticed a ghoul
    26 | D:1      | Noticed an octopode
    26 | D:1      | Noticed a formicid
   147 | D:1      | Reached XP level 2. HP: 3/15 MP: 1/5
   561 | D:1      | You fall through a shaft!
   575 | D:2      | Reached XP level 3. HP: 8/19 MP: 6/6
   627 | D:3      | Found an iron altar of Okawaru.
   704 | D:3      | Slain by a quokka

Action                   || total
-------------------------++-------
Melee: Hand axe          ||    67
       Dagger            ||     1
 Cast: Corona            ||     4
  Use: Potion            ||     3
       Scroll            ||     4
 Stab: Sleeping          ||     5
Armor: Leather armour    ||     7
       Ring mail         ||    15
Dodge: Dodged            ||    40
